 Seeded DCSS version 0.27.0-1-g7a08968 (webtiles) character file.

Game seed: 14036611466628663890 (custom seed)

9 NeededCrab the Poker (level 2, -8/24 HPs)
             Began as a Merfolk Monk on Sept 25, 2021.
             Was an Initiate of Ashenzari.
             Mangled by a gnoll (11 damage)
             ... on level 1 of the Dungeon.
             The game lasted 00:01:55 (293 turns).

NeededCrab the Poker (Merfolk Monk)                  Turns: 293, Time: 00:01:55

Health: -8/24      AC:  2    Str: 11    XL:     2   Next: 12%
Magic:  2/2        EV: 14    Int:  9    God:    Ashenzari [......]
Gold:   0          SH:  0    Dex: 16    Spells: 1/1 levels left

rFire    . . .     SeeInvis .   a - +0 spear
rCold    . . .     Faith    .   (no shield)
rNeg     . . .     Spirit   .   b - +0 robe
rPois    .         Reflect  .   (no helmet)
rElec    .         Harm     .   (no cloak)
rCorr    .         Rampage  .   (no gloves)
Will     .....                  (no boots)
Stlth    ++........             (no amulet)
HPRegen  0.08/turn              (no ring)
MPRegen  0.08/turn              (no ring)

@: no status effects
A: (nimble swimmer 2), mertail
a: Renounce Religion, Curse Item


You were on level 1 of the Dungeon.
You worshipped Ashenzari.
Ashenzari was noncommittal.
You visited 1 branch of the dungeon, and saw 1 of its levels.

Inventory:

Hand Weapons
 a - a +0 spear (weapon)
Armour
 b - a +0 robe (worn)


   Skills:
 + Level 3.4 Fighting
 * Level 4.9 Polearms
 + Level 4.2 Dodging
 - Level 2.1 Stealth


You had one spell level left.
You didn't know any spells.
Your spell library was empty.

Dungeon Overview and Level Annotations

Branches:
Dungeon (1/15)

Altars:
Ashenzari


Innate Abilities, Weirdness & Mutations

((You are quick and stealthy near water. (Stealth+, EV+, Speed+++)))
Your lower body shifts to a powerful aquatic tail in water.


Message History

You completely miss the goblin.
The goblin is moderately wounded.
You hit the goblin.
You kill the goblin!
The rat bites you.
Things that are here:
a +0 club; a goblin corpse You hit the rat.
You kill the rat!
An endoplasm comes into view.
A frilled lizard comes into view.
The gnoll hits you with a +2 whip of electrocution.
The endoplasm quivers.
The bat misses you. The bat misses you. The bat completely misses you.
Found a stone staircase leading down.
A ball python comes into view.
The bat hits you.
The ball python hisses angrily.
The bat closely misses you. The ball python closely misses you.
The ball python grabs you. The ball python constricts you.
The ball python's grasp on you weakens, but your attempt to escape fails.
The bat hits you. The bat closely misses you.
The ball python barely misses you. The ball python constricts you.
You escape the ball python's grasp.
The bat barely misses you. The ball python misses you.
The ball python grabs you. The ball python constricts you.
You escape the ball python's grasp.
The bat closely misses you. The bat hits you. The bat misses you.
The bat barely misses you.
The gnoll hits you with a +2 whip of electrocution.
There is a stone staircase leading down here.
You can't go up here!
The ball python completely misses you. x2
The gnoll hits you with a +2 whip of electrocution.
* * * LOW HITPOINT WARNING * * *
You are electrocuted!
You die...

########## ##...##...##
##..........## ..
#..........b@# #.
#........grgS#
..###......g...J.#####
.......................
.........g.#...♣♣♣...♣♣
.......###....♣# ♣.♣#
.......# ##...♣ .♣
....r..# #.#.♣ ♣
....#### #....♣


You could see a gnoll, an endoplasm, 3 goblins, a bat, a ball python and a rat.

Vanquished Creatures
  An endoplasm (D:1)
  A giant cockroach (D:1)
  3 goblins (D:1)
  A quokka (D:1)
  A rat (D:1)
7 creatures vanquished.

Notes
Turn   | Place    | Note
-------+----------+-------------------------------------------
     0 | D:1      | NeededCrab the Merfolk Monk began the quest for the Orb.
     0 | D:1      | Reached XP level 1. HP: 18/18 MP: 1/1
   178 | D:1      | Reached XP level 2. HP: 20/24 MP: 2/2
   237 | D:1      | Found a faded altar of an unknown god.
   242 | D:1      | Became a worshipper of Ashenzari the Shackled
   243 | D:1      | Identified Plato's Volume of Displacement (You found it on
                  | level 1 of the Dungeon)
   293 | D:1      | Mangled by a gnoll

Illustrated notes

Levels and vault maps discovered:
D:1:      elethiomel_arrival_infinity_welcomes_careful_drivers, layout_rooms,
          shapermc_ecumenical_altar_rom_forum, minmay_stone_trees_medium,
          minmay_misc_feat_five

Action                   || total
-------------------------++-------
Melee: Spear             ||    33
Armor: Robe              ||     7
Dodge: Dodged            ||    40
